 Dungeon Crawl Stone Soup version 0.31-a0-426-g3a05650e59 (webtiles) character file.

Game seed: 8592146353725903213

103 quinnr the Gusty (level 4, -1/24 HPs)
             Began as a Tengu Air Elementalist on July 30, 2023.
             Succumbed to a kobold's poison
             ... on level 3 of the Dungeon.
             The game lasted 00:04:25 (3800 turns).

quinnr the Gusty (Tengu Air Elementalist)           Turns: 3800, Time: 00:04:26

Health: -1/24      AC:  5    Str: 14    XL:     4   Next: 79%
Magic:  8/8        EV: 12    Int: 17    God:
Gold:   218        SH:  0    Dex: 15    Spells: 6/7 levels left

rFire   . . .        (no weapon)
rCold   . . .        (no shield)
rNeg    . . .        a - +0 robe
rPois   .            (helmet restricted)
rElec   .            (no cloak)
rCorr   .            o - +2 pair of gloves
SInv    .            (boots unavailable)
Will    .....        (no amulet)
Stlth   +            S - +6 ring of strength
HPRegen 0.24/turn    (no ring)
MPRegen 0.11/turn

%: no passive effects
@: confused, lethally poisoned (-1 -> -27), ambrosia-drunk
A: beak, talons 3
a: no special abilities


You were on level 3 of the Dungeon.
You visited 1 branch of the dungeon, and saw 4 of its levels.

You collected 218 gold pieces.


Innate Abilities, Weirdness & Mutations

You have a beak for a mouth.
You have claws for feet.


   Skills:
 + Level 0.3 Fighting
 + Level 2.3 Dodging
 - Level 2.0 Stealth
 - Level 2.0 Spellcasting
 - Level 1.3 Conjurations
 - Level 7.0 Air Magic


You had 6 spell levels left.
You knew the following spells:

 Your Spells              Type           Power      Damage    Failure   Level
z - Shock                 Conj/Air       60%        1d6       3%          1

Your spell library contained the following spells:

 Spells                   Type           Power      Damage    Failure   Level
 Swiftness                Air            25%        N/A       3%          3
 Static Discharge         Conj/Air       30%        2-4/arc   5%          2
 Airstrike                Air            12%        2d(2-18)  11%         4
 Apportation              Tloc           2%         N/A       19%         1
 Necrotise                Necr           4%         1d4       19%         1
 Summon Small Mammal      Summ           4%         N/A       19%         1
 Wereblood                Tmut           1%         N/A       28%         2
 Irradiate                Conj/Tmut      2%         3d12      99%         5

Inventory:

Missiles
 d - a throwing net {=f}
Armour
 a - a +0 robe (worn)
 k - a +0 pair of gloves
 o - a +2 pair of gloves (worn)
Jewellery
 S - a +6 ring of strength (left hand)
Scrolls
 e - a scroll of vulnerability {unknown}
 f - 2 scrolls of noise {unknown}
 g - 2 scrolls of revelation {unknown}
 i - 2 scrolls of teleportation {unknown}
 n - 2 scrolls of identify {unknown}
Potions
 b - 2 potions of magic
 c - a potion of attraction {unknown}
 h - 3 potions of ambrosia
 j - 2 potions of might {unknown}
 l - a potion of heal wounds {unknown}
 m - a potion of curing {unknown}

Dungeon Overview and Level Annotations

Branches:
Dungeon (4/15)
 Temple: D:4-7

Altars:
Yredelemnul

Shops:
D:1

( .....#.(...# #........#
#####.## .....#.....#
#...########.....## .....#.###.#
##.#............... ##.###.# #.#
#.##.######.###### ##..)#.###.#
#.##.#......#.....
........##.#####.##.#.#...##.####
.....#..##.....#.##.#.#.#.##.####
######....####.#.##.....#.##.....
..........####.#@##.#.###.##.....
######.........K>...#.# #.##.....
.............#.####.#.# #.##.####
.#####...###.#......#.# #.##.#
.## #...# #.########.###....# ..#
##### #.#.###...........# ..#
###.#.....#.........# ..#
#...................# .##
#...........#####.######


You could see a kobold.


Message History

Unknown command.
* * * LOW HITPOINT WARNING * * *
You feel very sick. The kobold hits you but does no damage.
You are lethally poisoned!
It was a potion of ambrosia.
You are confused.
You feel invigorated.
* * * LOW HITPOINT WARNING * * *
You feel very sick. The kobold closely misses you.
Unknown command.
You bump into the rock wall.
* * * LOW HITPOINT WARNING * * *
You feel very sick.
The kobold hits you with a +2 dagger of venom.
* * * LOW HITPOINT WARNING * * *
You are more poisoned.
You miss the kobold.
The kobold is severely wounded.
* * * LOW HITPOINT WARNING * * *
You feel very sick.
The kobold hits you with a +2 dagger of venom.
* * * LOW HITPOINT WARNING * * *
You are more poisoned.
Unknown command.
You closely miss the kobold. Your kick misses the kobold.
You peck the kobold, but do no damage.
The kobold is severely wounded.
You die...

Skill      XL: |  1  2  3  4 |
---------------+-------------+-----
Air Magic      | 5 6 7 |  7.0
Fighting       | |  0.3
Dodging        | |  2.3
Stealth        | |  2.0
Spellcasting   | |  2.0
Conjurations   | |  1.3

Action                     |  1- 3 |  4- 6 || total
---------------------------+-------+-------++-------
  Melee: Unarmed           |   213 |     2 ||   215
         Kick              |   120 |       ||   120
         Peck              |    93 |     1 ||    94
         Punch             |     4 |       ||     4
   Cast: Shock             |    65 |    46 ||   111
    Use: Potion            |       |     1 ||     1
 Armour: Robe              |     3 |     4 ||     7
  Dodge: Dodged            |    14 |     5 ||    19

Levels and vault maps discovered:
D:1:      lightli_iron_boxes, layout_rooms, serial_forest,
          infiniplex_forest_end_1, infiniplex_forest_straight_2,
          infiniplex_forest_lined_2, infiniplex_forest_lined_4_way,
          infiniplex_forest_corner_2, infiniplex_forest_split, serial_shops,
          nicolae_shop_rolling_square, minmay_domino_2
D:2:      layout_loops_cross, serial_glass, glass_columns_a, glass_columns_b,
          basic_altar, minmay_increasing_density
D:3:      layout_basic, chequers_ecumenical_altar_simple
D:4:      layout_basic, serial_undead, serial_undead_f, serial_undead_f,
          serial_undead_d, serial_undead_c

Notes
Turn   | Place    | Note
-------+----------+-------------------------------------------
     0 | D:1      | quinnr the Tengu Air Elementalist began the quest for the
                  | Orb.
     0 | D:1      | Reached XP level 1. HP: 10/10 MP: 4/4
   213 | D:1      | Reached XP level 2. HP: 15/15 MP: 1/6
   460 | D:1      | Reached skill level 5 in Air Magic
   718 | D:1      | Found Ossefoih's Antique Weapon Shop.
  1273 | D:2      | Reached XP level 3. HP: 19/19 MP: 4/7
  1580 | D:2      | Found a basalt altar of Yredelemnul.
  1650 | D:2      | Reached skill level 6 in Air Magic
  1757 | D:2      | Reached XP level 4. HP: 24/24 MP: 2/8
  2431 | D:3      | Found a faded altar of an unknown god.
  3043 | D:3      | Reached skill level 7 in Air Magic
  3799 | D:3      | HP: 1/24 [kobold/+2 dagger of venom (3)]
  3800 | D:3      | Succumbed to a kobold's poison

Vanquished Creatures
  5 adders
  A worm (D:2)
  A dart slug (D:2)
  5 endoplasms
  A giant cockroach (D:1)
  6 goblins
  6 hobgoblins
  3 jackals (D:2)
  4 quokkas
  6 ball pythons
  3 bats
  3 frilled lizards
  2 kobolds
  5 rats
51 creatures vanquished.

Table legend: (Time is in decaauts)
 A = Elapsed time spent in this place.
 B = Non-inter-level travel time spent in this place.
 C = Inter-level travel time spent in this place.
 D = Time resting spent in this place.
 E = Time spent auto-exploring this place.
 F = Levels seen in this place.
 G = Mean time per level.
                   A        B        C        D        E       F      G
               +--------+--------+--------+--------+--------+-----+--------+
         Total |   3799 |   3683 |    116 |     70 |   3095 |   4 |  949.8 |
       Dungeon |   3799 |   3683 |    116 |     70 |   3095 |   4 |  949.8 |
               +--------+--------+--------+--------+--------+-----+--------+

Top non-repeatable levels by time:
     D:3: 1363 daAuts
     D:1: 1217 daAuts
     D:2: 1213 daAuts
     D:4: 4 daAuts

Table legend:
 A = Non-vault XP
 B = Vault XP
 C = Vault XP percentage of total XP
 D = Non-vault monster count
 E = Vault monster count
 F = Vault count percentage of total count
                 A         B        C        D         E       F
            +---------+---------+-------+---------+---------+-------
      Total |     129 |      19 |  12.8 |      41 |      10 |  19.6
            +---------+---------+-------+---------+---------+-------
        D:1 |      29 |       2 |   6.5 |      16 |       2 |  11.1
        D:2 |      60 |      17 |  22.1 |      15 |       8 |  34.8
        D:3 |      40 |       0 |   0.0 |      10 |       0 |   0.0
            +---------+---------+-------+---------+---------+-------

Levels and vault maps discovered:
D:1:      lightli_iron_boxes, layout_rooms, serial_forest,
          infiniplex_forest_end_1, infiniplex_forest_straight_2,
          infiniplex_forest_lined_2, infiniplex_forest_lined_4_way,
          infiniplex_forest_corner_2, infiniplex_forest_split, serial_shops,
          nicolae_shop_rolling_square, minmay_domino_2
D:2:      layout_loops_cross, serial_glass, glass_columns_a, glass_columns_b,
          basic_altar, minmay_increasing_density
D:3:      layout_basic, chequers_ecumenical_altar_simple
D:4:      layout_basic, serial_undead, serial_undead_f, serial_undead_f,
          serial_undead_d, serial_undead_c
